 Dungeon Crawl Stone Soup version 0.31.0-1-g2c135a0 (webtiles) character file.

Game seed: 7402024020155397317

590 brinewave the Chopper (level 7, 0/61 HPs)
             Began as a Minotaur Fighter on Jan 27, 2024.
             Was a Priest of Fedhas.
             Slain by Pikel
             ... wielding a +0 whip of freezing
              (1 damage)
             ... on level 5 of the Dungeon.
             The game lasted 00:11:14 (3320 turns).

brinewave the Chopper (Minotaur Fighter)            Turns: 3320, Time: 00:11:15

Health: 0/61       AC: 15    Str: 23    XL:     7   Next: 15%
Magic:  5/8        EV:  8    Int:  5    God:    Fedhas [***...]
Gold:   172        SH:  4    Dex:  9    Spells: 6/6 levels left

rFire   . . .        a - +0 war axe
rCold   . . .        c - +0 buckler
rNeg    . . .        g - +0 chain mail
rPois   .            (helmet restricted)
rElec   .            k - +0 cloak
rCorr   .            (no gloves)
SInv    .            (no boots)
Will    .....        (no amulet) Stlth
                     m - +4 ring of protection
HPRegen 0.30/turn    (no ring)
MPRegen 0.11/turn

%: no passive effects
@: about to teleport
A: horns 2, retaliatory headbutt
a: Renounce Religion, Wall of Briars, Grow Ballistomycete


You were on level 5 of the Dungeon.
You worshipped Fedhas.
Fedhas was most pleased with you.
You visited 1 branch of the dungeon, and saw 5 of its levels.
You also visited: Sewer.

You collected 172 gold pieces.

Inventory:

Hand Weapons
 a - a +0 war axe (weapon)
Missiles
 f - 43 stones (quivered)
 o - a throwing net
 p - 18 poisoned darts
 u - 8 boomerangs
Armour
 c - a +0 buckler (worn)
 g - a +0 chain mail (worn)
 k - a +0 cloak (worn)
Jewellery
 m - a +4 ring of protection (left hand)
 w - an amulet of regeneration
Scrolls
 e - a scroll of fear {unknown}
 h - a scroll of teleportation
 j - a scroll of immolation {unknown}
 l - a scroll of vulnerability {unknown}
Potions
 b - a potion of mutation
 d - 2 potions of might
 i - a potion of invisibility
 n - a potion of haste {unknown}
 r - 2 potions of curing
 s - 2 potions of heal wounds
 t - 2 potions of enlightenment
 v - a potion of ambrosia


   Skills:
 + Level 5.1 Fighting
 * Level 5.3 Axes
 + Level 5.1 Armour
 + Level 5.0 Shields
 * Level 3.7 Invocations


You had 6 spell levels left.
You didn't know any spells.
Your spell library contained the following spells:

 Spells                   Type           Power      Damage    Failure   Level
 Inner Flame              Hex/Fire       0%         N/A       100%        3
 Irradiate                Conj/Alch      0%         3d11      100%        5
 Ignition                 Fire           0%         3d3       100%        8


Dungeon Overview and Level Annotations

Branches:
Dungeon (5/15)              Sewer (visited)
 Temple: D:4-7

Altars:
Fedhas
Okawaru

Shops:
D:4 =

Annotations:
D:4 1 runed translucent door, Crazy Yiuf
D:5 Pikel


Innate Abilities, Weirdness & Mutations

You have a pair of horns on your head.
You reflexively headbutt those who attack you in melee.


Message History

Aiming: Grow Ballistomycete (32% risk of failure)
Press: ? - help, Dir - move target A ballistomycete grows from the ground.
The lemure hits you but does no damage.
You closely miss the lemure. You headbutt the lemure.
The lemure is heavily wounded.
The lemure hits you.
You closely miss the lemure.
The lemure is heavily wounded.
The ogre hits your ballistomycete with a +0 giant club!!
The lemure hits you but does no damage.
You slash the lemure!
The lemure is severely wounded.
You block the lemure's attack.
The ogre hits your ballistomycete with a +0 giant club!!
Your ballistomycete is destroyed!
Your ballistomycete disappears in a puff of smoke!
The lemure hits you.
You barely miss the lemure.
The lemure is severely wounded.
A lemure comes into view.
The lemure barely misses you.
As you read the scroll of teleportation, it crumbles to dust.
You feel strangely unstable.
The lemure shouts!
The ogre hits you but does no damage. The lemure hits you but does no damage.
You barely miss the lemure.
The lemure is severely wounded.
You hit the ogre. The ogre hits you with a +0 giant club!
* * * LOW HITPOINT WARNING * * *
You barely miss Pikel. You slash the ogre!
Pikel zaps a wand.
You struggle to resist.
The ogre closely misses you.
You slash the ogre!
The ogre is almost dead.
You closely miss Pikel.
Pikel hits you with a +0 whip of freezing!
* * * LOW HITPOINT WARNING * * *
Pikel freezes you.
You die...
Pikel says, "Another soul for the market."
Fedhas appreciates your contribution to the ecosystem.

### #. ..# .# #># .# #.#
K# #.# 5# #.# .#
#########.##.#
...########5.........<.#
#.....O@K555#######.####
....#######.# #.# # #.#
#.# #.# #.# #.# #.# #.#
#.# #.# #[# .#


You could see Pikel, an ogre and 4 lemures.

Vanquished Creatures
  An ogre (D:2)
  2 kobold brigands (Sewer)
  A scorpion (D:3)
  3 bombardier beetles
  An orc wizard (D:3)
  3 gnolls (D:2)
  3 adders
  A river rat (Sewer)
  3 dart slugs
  A ribbon worm (D:4)
  7 orcs
  8 bats
  9 endoplasms
  7 giant cockroaches
  8 goblins
  5 hobgoblins
  8 jackals
  5 quokkas
  7 ball pythons
  3 frilled lizards
  11 kobolds
  9 rats
106 creatures vanquished.

Vanquished Creatures (others)
  An adder (D:4)
  A quokka (D:4)
2 creatures vanquished.

Grand Total: 108 creatures vanquished

Notes
Turn   | Place    | Note
-------+----------+-------------------------------------------
     0 | D:1      | brinewave the Minotaur Fighter began the quest for the Orb.
     0 | D:1      | Reached XP level 1. HP: 19/19 MP: 0/0
   109 | D:1      | Found a faded altar of an unknown god.
   172 | D:1      | Prayed at the altar of an unknown god.
   172 | D:1      | Became a worshipper of Fedhas Madash
   172 | D:1      | Reached * piety under Fedhas
   235 | D:1      | Reached XP level 2. HP: 27/27 MP: 1/1
   343 | D:1      | Reached skill level 1 in Invocations
   397 | D:1      | Reached XP level 3. HP: 29/33 MP: 2/2
   683 | D:2      | Found an iron altar of Okawaru.
   734 | D:2      | Reached XP level 4. HP: 40/40 MP: 4/4
   782 | D:2      | Reached ** piety under Fedhas
  1081 | D:2      | Noticed an ogre
  1090 | D:2      | Killed an ogre
  1091 | D:2      | Reached XP level 5. HP: 42/47 MP: 5/5
  1533 | D:3      | Found a glowing drain.
  1538 | Sewer    | Entered a sewer
  1550 | Sewer    | Reached XP level 6. HP: 46/53 MP: 7/7
  2062 | Sewer    | Found a white marble altar of Elyvilon.
  2447 | D:3      | Reached skill level 5 in Fighting
  2447 | D:3      | Reached skill level 5 in Axes
  2646 | D:4      | Reached skill level 5 in Armour
  2646 | D:4      | Reached XP level 7. HP: 55/61 MP: 8/8
  2753 | D:4      | Reached *** piety under Fedhas
  2897 | D:4      | Found Laghenlo's Jewellery Shop.
  3120 | D:4      | Found a runed translucent door.
  3121 | D:4      | Noticed Crazy Yiuf
  3291 | D:5      | Entered Level 5 of the Dungeon
  3294 | D:5      | Noticed Pikel
  3297 | D:5      | Reached skill level 5 in Shields
  3320 | D:5      | HP: 1/61 [Pikel/+0 whip of freezing (7)]
  3320 | D:5      | Slain by Pikel

Illustrated notes

Levels and vault maps discovered:
D:1:      psy_arrival_conway, layout_rooms, basic_ecumenical_altar,
          minmay_tiny_reverse_x
D:2:      layout_basic, basic_altar
D:3:      layout_rooms, gup_sewer_entry_spiral, serial_curves, eino_curves_03,
          eino_curves_03, grunt_ministairs_8
D:4:      layout_basic, serial_shops, nicolae_shop_gaudy_bauble,
          uniq_crazy_yiuf_cottage
D:5:      layout_loops_ring, serial_aquarium, aquarium_bridge_island_small
          [aquarium_subvault_small_open, aquarium_subvault_bridge,
          aquarium_subvault_bridge, aquarium_subvault_bridge,
          aquarium_subvault_bridge], aquarium_window_fake, aquarium_window_fake,
          aquarium_view_2c, aquarium_balcony_3b, uniq_pikel, uniq_blork_the_orc

Skill      XL: |  1  2  3  4  5  6  7 |
---------------+----------------------+-----
Invocations    | 1 2 3 |  3.7
Axes           | 3 4 5 |  5.3
Fighting       | 4 5 |  5.1
Armour         | 4 5 |  5.1
Shields        | 4 5 |  5.0

Action                     |  1- 3 |  4- 6 |  7- 9 || total
---------------------------+-------+-------+-------++-------
  Melee: War axe           |    68 |   117 |    43 ||   228
         Headbutt          |    13 |    18 |    10 ||    41
 Invoke: Grow Ballistomyce |       |       |     1 ||     1
    Use: Scroll            |     3 |     2 |     3 ||     8
 Armour: Scale mail        |    12 |       |       ||    12
         Chain mail        |    35 |    84 |    47 ||   166
  Dodge: Dodged            |    26 |    55 |    15 ||    96
  Block: Buckler           |    16 |    32 |     9 ||    57
